 Dungeon Crawl Stone Soup version 0.30-b1-2-g02819fbbbe (webtiles) character file.

Game seed: 17137131302901432988

6577 sexsifox the Spear-Bearer (level 11, 0/67 (83) HPs)
             Began as a Human Berserker on Aug 19, 2023.
             Was a High Priest of Trog.
             Slain by Donald
             ... wielding a +1 long sword of draining
              (14 damage)
             ... on level 2 of the Orcish Mines.
             The game lasted 01:35:35 (11692 turns).

sexsifox the Spear-Bearer (Human Berserker)        Turns: 11692, Time: 01:35:35

HP:   0/67 (83)     AC: 13    Str: 25    XL:     11   Next: 21%
MP:   11/11         EV: 17    Int:  6    God:    Trog [*****.]
Gold: 739           SH:  0    Dex: 23    Spells: 10/10 levels left

rFire   + . .        T - +1 trident (protect)
rCold   . . .        (no shield)
rNeg    . . .        c - +0 steam dragon scales
rPois   +            y - +4 helmet of a sewer {rF+ Str+8 Int-2}
rElec   .            Z - +0 cloak
rCorr   .            (no gloves)
SInv    .            A - +0 pair of boots
Will    .....        q - amulet of magic regeneration
Stlth   +++          e - ring of poison resistance
HPRegen 0.31/turn    b - +6 ring of dexterity
MPRegen 0.52/turn

%: no passive effects
@: heavily drained
A: no striking features
a: Renounce Religion, Berserk, Trog's Hand, Brothers in Arms


You were on level 2 of the Orcish Mines.
You worshipped Trog.
Trog was extremely pleased with you.
You visited 2 branches of the dungeon, and saw 12 of its levels.

You collected 982 gold pieces.
You spent 243 gold pieces at shops.

Inventory:

Hand Weapons
 a - a +0 spear
 d - a +0 rapier
 j - a +0 trident
 k - a +0 dagger of speed
 B - a +0 halberd
 C - a +0 battleaxe
 H - a +2 short sword of holy wrath
 K - the +7 short sword of Deter {flame, Will+}
   (You found it on level 4 of the Dungeon)

   Will:      It increases your willpower.
 T - a +1 trident of protection (weapon)
 Y - a +0 shortbow
Missiles
 g - 4 curare-tipped darts (quivered)
 i - 22 poisoned darts
 o - 37 stones
 F - 7 atropa-tipped darts
 U - a throwing net
Armour
 c - +0 steam dragon scales (worn)
 v - a scarf of resistance
 y - the +4 helmet of a sewer (worn) {rF+ Str+8 Int-2}
   (You took it off Robin on level 2 of the Dungeon)

   Str:       It affects your strength (+8).
   Int:       It affects your intelligence (-2).
   rF:        It protects you from fire.
 A - a +0 pair of boots (worn)
 I - a +0 scale mail
 N - a +3 ring mail
 R - a +0 plate armour
 X - a +0 leather armour of fire resistance
 Z - a +0 cloak (worn)
Jewellery
 b - a +6 ring of dexterity (right hand)
 e - a ring of poison resistance (left hand)
 f - an amulet of faith
 q - an amulet of magic regeneration (around neck)
Wands
 w - a wand of roots (11)
 E - a wand of flame (7)
 V - a wand of digging (4)
Scrolls
 h - 3 scrolls of vulnerability
 l - 2 scrolls of blinking
 m - 3 scrolls of poison
 n - a scroll of magic mapping
 p - a scroll of silence
 r - 9 scrolls of teleportation
 s - a scroll of immolation {unknown}
 t - a scroll of enchant weapon {unknown}
 u - a scroll of amnesia
 M - 2 scrolls of fear {unknown}
 Q - 2 scrolls of fog
 S - 2 scrolls of noise {unknown}
Potions
 z - a potion of lignification
 D - 2 potions of haste
 G - 3 potions of degeneration
 J - 3 potions of flight
 L - a potion of resistance {unknown}
 O - a potion of berserk rage {unknown}
 P - 2 potions of curing
 W - 2 potions of ambrosia {unknown}


   Skills:
 + Level 6.8 Fighting
 + Level 2.7 Short Blades
 + Level 2.6(7.1) Axes
 + Level 10.4(10.6) Polearms
 + Level 1.2 Ranged Weapons
 + Level 4.5 Throwing
 + Level 5.3 Armour
 + Level 7.1 Dodging
 + Level 3.5 Stealth
 * Level 1.8 Evocations


You had 10 spell levels left.
You didn't know any spells.
Your spell library contained the following spells:

 Spells                   Type           Power      Damage    Failure   Level
 Ensorcelled Hibernation  Hex/Ice        0%         N/A       58%         2
 Passwall                 Tmut/Erth      0%         N/A       58%         2
 Swiftness                Air            0%         N/A       83%         3
 Tukima's Dance           Hex            0%         N/A       83%         3
 Passage of Golubria      Tloc           0%         N/A       99%         4
 Yara's Violent Unravell  Hex/Tmut       0%         3d3       100%        5


Dungeon Overview and Level Annotations

Branches:
Dungeon (10/15)            Temple (0/1) D:6             Orc (2/2) D:9
    Elf (0/3) Orc:2
   Lair: D:8-11

Altars:
Makhleb
Qazlal

Shops:
D:5 ((!

Annotations:
Orc:1 2 transporters, nullcheck's ghost, journeyman GnCj
Orc:2 Donald


Message History

Press: ? - help, Q - select action, (/) - cycle Shift-Dir - straight line, f/p - Donald
Aim: Donald, wielding a +1 long sword of draining, wearing a +2 crystal plate armour and wearing a +0 kite shield (lightly wounded, fast, strong, poisoned, 80% to hit)
You throw a curare-tipped dart.
The curare-tipped dart barely misses Donald.
Donald says, "So, what is this Orb thing, anyway?"
Donald kicks a rock and scowls.
Unknown command.
Your +1 trident of protection hums with potential!
T - a +1 trident of protection (weapon)
Donald blocks your attack.
Donald is lightly wounded.
Donald closely misses you. x2
You puncture Donald!
Your weapon exudes an aura of protection.
Donald is lightly wounded.
Donald hits you with a +1 long sword of draining!!!
You feel drained. Donald blocks your attack.
Donald is lightly wounded.
Donald hits you with a +1 long sword of draining!
You feel drained. Donald attacks as you move away!
Donald hits you with a +1 long sword of draining!
You feel drained.
You feel much better.
Donald looks more healthy.
Donald ponders, "They're ugly as hell, too!"
Donald hits you with a +1 long sword of draining.
You feel drained. Donald misses you.
Blink to where?
Press: ? - help, Dir - move target, p - Donald
Okay, then.
Donald says, "I hate this place."
Donald closely misses you.
Donald hits you with a +1 long sword of draining!!
* * * LOW HITPOINT WARNING * * *
You feel drained.
* * * LOW HITPOINT WARNING * * *
You feel better.
Donald hits you with a +1 long sword of draining!
You die...

##. ....#
#.... ....#.
#....## .....
.....####...#
......##...#
#........#
#........#
#....@..(#
#...)@.###
#.<.....#
#........#
#........$#
....###..$...
......
.#......
#(....# #
#.....
(.....# .....
#..#...#


You could see Donald (fast, strong).

Vanquished Creatures
  A troll (D:9)
  Prince Ribbit (D:8)
  5 slime creatures (D:8)
  A steam dragon (D:8)
  4 wargs
  2 water moccasins
  13 orc warriors
  2 sky beasts
  2 ice beasts
  6 ogres
  5 centaurs
  A phantom (D:6)
  2 scorpions
  4 bullfrogs
  5 wights (D:9)
  2 howler monkeys
  3 hounds
  A gnoll bouda (D:7)
  10 orc priests
  2 sleepcaps
  4 iguanas
  12 orc wizards
  Robin (D:2)
  9 gnolls
  7 adders
  2 white imps (D:7)
  3 ufetubi
  2 worms
  2 dart slugs
  64 orcs
  3 endoplasms
  7 giant cockroaches
  19 goblins
  5 hobgoblins
  2 jackals (D:2)
  7 quokkas
  9 ball pythons
  4 bats
  A frilled lizard (D:1)
  3 kobolds
  7 rats
245 creatures vanquished.

Vanquished Creatures (others)
  An orc wizard (D:6)
1 creature vanquished.

Grand Total: 246 creatures vanquished

Notes
Turn   | Place    | Note
-------+----------+-------------------------------------------
     0 | D:1      | sexsifox the Human Berserker began the quest for the Orb.
     0 | D:1      | Reached XP level 1. HP: 18/18 MP: 1/1
   473 | D:1      | Reached XP level 2. HP: 16/24 MP: 2/2
   625 | D:2      | Reached XP level 3. HP: 22/29 MP: 3/3
  1186 | D:1      | Reached ** piety under Trog
  1495 | D:2      | Identified the +4 helmet of a sewer {rF+ Str+8 Int-2}
  1495 | D:2      | Noticed Robin
  1512 | D:2      | Reached XP level 4. HP: 25/35 MP: 4/4
  1522 | D:2      | Killed Robin
  1523 | D:2      | Reached skill level 4 in Polearms
  2193 | D:3      | Reached XP level 5. HP: 36/41 MP: 5/5
  2250 | D:2      | Reached skill level 1 in Stealth
  2496 | D:3      | Found a burning altar of Makhleb.
  2497 | D:3      | Found a stormy altar of Qazlal.
  2505 | D:3      | Reached *** piety under Trog
  3075 | D:4      | Identified the +7 short sword of Deter {flame, Will+}
  3300 | D:4      | Reached XP level 6. HP: 48/48 MP: 6/6
  3700 | D:4      | Reached skill level 5 in Polearms
  3940 | D:5      | Entered Level 5 of the Dungeon
  3953 | D:5      | Found Otaqishu's Weapon Boutique.
  4051 | D:5      | Reached skill level 1 in Short Blades
  4192 | D:5      | Reached XP level 7. HP: 47/53 MP: 7/7
  4201 | D:5      | Found Noxkeu's Weapon Shop.
  4207 | D:5      | Bought a +1 trident of protection for 123 gold pieces
  4251 | D:5      | Found Sudu's Distillery.
  4272 | D:5      | Bought 2 potions of heal wounds for 120 gold pieces
  4890 | D:6      | Reached skill level 1 in Throwing
  4890 | D:6      | Reached XP level 8. HP: 60/60 MP: 8/8
  5235 | D:6      | Found a staircase to the Ecumenical Temple.
  5327 | D:6      | Reached skill level 6 in Polearms
  5398 | D:6      | Reached **** piety under Trog
  6035 | D:7      | Reached XP level 9. HP: 61/67 MP: 9/9
  6147 | D:7      | Reached skill level 7 in Polearms
  6172 | D:7      | Reached skill level 5 in Fighting
  7269 | D:8      | Reached skill level 8 in Polearms
  7269 | D:8      | Reached skill level 5 in Armour
  7700 | D:8      | Noticed Prince Ribbit
  7717 | D:8      | Killed Prince Ribbit
  7718 | D:8      | Reached skill level 5 in Dodging
  7718 | D:8      | Reached XP level 10. HP: 74/74 MP: 10/10
  8109 | D:8      | Reached skill level 9 in Polearms
  8793 | D:9      | Noticed Erica
  9122 | D:9      | Reached skill level 1 in Ranged Weapons
  9148 | D:10     | Entered Level 10 of the Dungeon
  9595 | D:9      | Found a staircase to the Orcish Mines.
  9607 | Orc:1    | Entered Level 1 of the Orcish Mines
  9845 | Orc:1    | Reached skill level 10 in Polearms
 10068 | Orc:1    | Found a transporter.
 10072 | Orc:1    | Noticed nullcheck's ghost (journeyman GnCj)
 10072 | Orc:1    | Noticed a two-headed ogre
 10074 | Orc:1    | Noticed an ettin
 10074 | Orc:1    | Noticed a two-headed ogre
 10076 | Orc:1    | Noticed a two-headed ogre
 10078 | Orc:1    | Found a transporter.
 10154 | Orc:1    | Reached ***** piety under Trog
 10173 | Orc:2    | Entered Level 2 of the Orcish Mines
 10843 | Orc:2    | Reached XP level 11. HP: 36/83 MP: 11/11
 11430 | Orc:1    | Reached skill level 1 in Axes
 11549 | Orc:2    | Found a staircase to the Elven Halls.
 11566 | Orc:2    | Reached skill level 1 in Evocations
 11607 | Orc:2    | Noticed an orc knight
 11674 | Orc:2    | Noticed Donald
 11692 | Orc:2    | Slain by Donald

Illustrated notes

Levels and vault maps discovered:
D:1:      dpeg_arrival_renting, layout_basic, minmay_pentomino_u2
D:2:      layout_loops_ring, uniq_robin
D:3:      layout_rooms, grunt_temple_overflow_open
D:4:      layout_gridville
D:5:      layout_cave_pools, serial_shops, kennysheep_mini, shop_statue,
          nicolae_shop_bloodbath_and_beyond
D:6:      layout_loops_ring, minmay_temple_entry_slanted, gup_sewer_entry_bowl,
          sigmund_army
D:7:      layout_basic, minmay_misc_feat_x
D:8:      layout_loops_corners, uniq_prince_ribbit1
D:9:      layout_rooms, hiddenorc1_lemuel, uniq_erica
D:10:     layout_irregular_city, amcnicky_altar_gilded,
          gammafunk_ghost_cemetery, minmay_shattered_shrine
Orc:1:    layout_caves, gammafunk_ghost_smash, basic_altar
Orc:2:    pf_orc_diabolical, layout_diamond_mine, basic_altar,
          nicolae_orc_stony_grotto, hangedman_minor_magic, uniq_jorgrun,
          uniq_donald

Skill      XL: |  1  2  3  4  5  6  7  8  9 10 11 |
---------------+----------------------------------+-----
Polearms       | 4 5 6 8 10 | 10.4
Stealth        | 1 2 3 |  3.5
Dodging        | 3 4 5 6 7 |  7.1
Short Blades   | 1 2 |  2.7
Armour         | 3 4 5 |  5.3
Fighting       | 4 5 6 |  6.8
Throwing       | 1 3 4 |  4.5
Ranged Weapons | 1 |  1.2
Axes           | 2 |  2.6
Evocations     | 1 |  1.8

Action                     |  1- 3 |  4- 6 |  7- 9 | 10-12 || total
---------------------------+-------+-------+-------+-------++-------
  Melee: Spear             |   106 |   143 |       |       ||   249
         Punch             |     1 |     2 |     4 |     8 ||    15
         Short sword       |       |    83 |     1 |       ||    84
         Trident           |       |       |   314 |   328 ||   642
         Battleaxe         |       |       |       |    62 ||    62
   Fire: Shortbow          |       |       |     1 |    10 ||    11
  Throw: Dart              |       |     2 |    38 |    27 ||    67
         Boomerang         |       |       |    10 |       ||    10
    Use: Scroll            |     6 |     3 |     4 |     2 ||    15
         Potion            |       |       |       |     6 ||     6
   Stab: Sleeping          |     1 |     2 |     1 |     2 ||     6
 Armour: Animal skin       |    20 |       |       |       ||    20
         Leather armour    |     8 |    60 |       |       ||    68
         Scale mail        |       |    72 |   148 |       ||   220
         Steam dragon scal |       |       |    42 |   236 ||   278
  Dodge: Dodged            |    56 |   162 |   231 |   456 ||   905
